[ AOE2 MATCH · #485356732 ]
UnrankedByzantines vs Koreans
[ REPLAY ANALYSIS · EXTRACTED FROM THE RECORDED GAME ]
Feudal
11:20
Castle
14:52
Imperial
22:26
| APM avg | 38.0 |
| APM peak | 59 |
| eAPM avg | 24.0 |
| Villagers / military | 122 / 28 |
Focus
⚔️ 33.3% · 🌾 66.7%
Monk ×16 · Scout Cavalry ×9 · Trebuchet (Packed) ×3
Feudal
10:56
Castle
14:26
Imperial
26:26
| APM avg | 54.1 |
| APM peak | 81 |
| eAPM avg | 28.1 |
| Villagers / military | 55 / 29 |
Focus
⚔️ 54.0% · 🌾 46.0%
War Wagon ×25 · Trebuchet (Packed) ×3 · Monk ×1
Feudal
10:55
Castle
14:25
Imperial
27:24
| APM avg | 73.3 |
| APM peak | 171 |
| eAPM avg | 42.0 |
| Villagers / military | 123 / 64 |
Focus
⚔️ 61.3% · 🌾 38.7%
Scorpion ×28 · Battering Ram ×21 · Mangudai ×10 · Monk ×5
Feudal
10:30
Castle
14:34
Imperial
32:30
| APM avg | 31.8 |
| APM peak | 64 |
| eAPM avg | 19.5 |
| Villagers / military | 184 / 64 |
Focus
⚔️ 21.6% · 🌾 78.4%
Monk ×61 · Organ Gun ×3
Match map
Initial resources + every placement click. Lines = walls · curves = elevation contours. ◆ gold · ⬟ stone · ● berries · ✦ relic · ◌ wall gap
Your base· ✓ Closed at 14:52 · 2t walls · 2 gate(s)
Rex Caedis's base· ✓ Closed at 14:26 · 12t walls · 5 gate(s)
Oni.TheViper's base· ✓ Closed at 14:25 · 0t walls · 2 gate(s)
Angus McFife's base· ✓ Closed at 14:34 · 0t walls · 3 gate(s)
Smoothed initial terrain · ◌ = detected wall gap · hover for details
Inputs per minute
— TM Caesar - - Rex Caedis
Build order — TM Caesar
First 150 of 303 actions detected
| 0:00 | Create | Villager (Male) |
| 0:00 | Create | Villager (Male) |
| 0:02 | Build | House |
| 0:03 | Build | House |
| 0:08 | Create | Villager (Male) |
| 0:08 | Create | Villager (Male) |
| 1:24 | Create | Villager (Male) |
| 1:24 | Create | Villager (Male) |
| 1:58 | Create | Villager (Male) |
| 1:59 | Build | Lumber Camp |
| 2:15 | Create | Villager (Male) |
| 2:42 | Create | Villager (Male) |
| 3:00 | Create | Villager (Male) |
| 3:36 | Create | Villager (Male) |
| 3:36 | Create | Villager (Male) |
| 3:55 | Build | House |
| 3:56 | Build | House |
| 3:56 | Create | Villager (Male) |
| 4:20 | Build | Mill |
| 4:23 | Create | Villager (Male) |
| 4:23 | Create | Villager (Male) |
| 4:35 | Build | House |
| 4:38 | Create | Villager (Male) |
| 4:51 | Create | Villager (Male) |
| 5:34 | Create | Villager (Male) |
| 5:34 | Create | Villager (Male) |
| 5:58 | Create | Villager (Male) |
| 5:58 | Create | Villager (Male) |
| 5:58 | Create | Villager (Male) |
| 6:26 | Build | Mill |
| 6:31 | Create | Villager (Male) |
| 6:42 | Build | Farm |
| 6:50 | Create | Villager (Male) |
| 7:12 | Create | Villager (Male) |
| 7:12 | Create | Villager (Male) |
| 7:35 | Create | Villager (Male) |
| 8:24 | Create | Villager (Male) |
| 8:43 | Build | Farm |
| 8:57 | Build | Mining Camp |
| 9:00 | Research | Feudal Age |
| 10:06 | Create | Villager (Male) |
| 10:06 | Create | Villager (Male) |
| 10:29 | Build | Farm |
| 11:20 | Age | Feudal Age |
| 11:22 | Build | Market |
| 11:24 | Build | Blacksmith |
| 11:27 | Build | House |
| 11:29 | Build | House |
| 12:12 | Research | Castle Age |
| 12:12 | Research | Castle Age |
| 12:19 | Build | Palisade Wall |
| 12:20 | Build | Palisade Wall |
| 12:26 | Build | Mining Camp |
| 12:30 | Create | Villager (Male) |
| 13:25 | Research | Double-Bit Axe |
| 14:14 | Research | Horse Collar |
| 14:52 | Age | Castle Age |
| 14:56 | Build | Town Center |
| 15:02 | Create | Villager (Male) |
| 15:08 | Create | Villager (Male) |
| 15:28 | Build | Castle |
| 15:34 | Build | Farm |
| 15:42 | Create | Villager (Male) |
| 15:48 | Build | House |
| 15:53 | Build | House |
| 15:54 | Build | House |
| 15:56 | Create | Villager (Male) |
| 16:03 | Build | House |
| 16:06 | Build | House |
| 16:07 | Build | House |
| 16:17 | Build | Farm |
| 16:27 | Build | Farm |
| 16:29 | Build | Farm |
| 16:45 | Create | Villager (Male) |
| 16:51 | Build | House |
| 16:52 | Build | House |
| 16:56 | Build | Farm |
| 17:03 | Build | Farm |
| 17:13 | Build | Farm |
| 17:54 | Build | Farm |
| 19:16 | Research | Imperial Age |
| 19:38 | Create | Villager (Male) |
| 19:38 | Create | Villager (Male) |
| 20:04 | Research | Fletching |
| 20:24 | Create | Villager (Male) |
| 20:33 | Build | Lumber Camp |
| 20:36 | Build | Farm |
| 20:38 | Build | Farm |
| 20:41 | Create | Villager (Male) |
| 20:57 | Research | Loom |
| 21:38 | Create | Villager (Male) |
| 21:50 | Research | Bow Saw |
| 22:16 | Create | Villager (Male) |
| 22:26 | Age | Imperial Age |
| 22:27 | Create | Trebuchet (Packed) |
| 22:30 | Create | Villager (Male) |
| 22:32 | Create | Villager (Male) |
| 22:40 | Build | Farm |
| 22:41 | Create | Villager (Male) |
| 23:03 | Create | Trebuchet (Packed) |
| 23:05 | Create | Villager (Male) |
| 23:12 | Create | Villager (Male) |
| 23:25 | Create | Trebuchet (Packed) |
| 23:27 | Create | Villager (Male) |
| 23:36 | Build | Farm |
| 23:39 | Create | Villager (Male) |
| 23:56 | Create | Villager (Male) |
| 24:25 | Build | Monastery |
| 24:28 | Create | Villager (Male) |
| 24:31 | Create | Villager (Male) |
| 24:45 | Create | Villager (Male) |
| 24:56 | Create | Villager (Male) |
| 25:12 | Create | Villager (Male) |
| 25:19 | Create | Villager (Male) |
| 25:29 | Build | Monastery |
| 25:34 | Research | Redemption |
| 25:38 | Create | Villager (Male) |
| 25:41 | Create | Villager (Male) |
| 25:48 | Build | Farm |
| 25:50 | Build | Farm |
| 25:50 | Create | Villager (Male) |
| 26:03 | Research | Sanctity |
| 26:11 | Build | House |
| 26:22 | Create | Villager (Male) |
| 26:23 | Create | Villager (Male) |
| 26:24 | Create | Villager (Male) |
| 26:34 | Create | Monk |
| 26:49 | Create | Monk |
| 26:49 | Create | Villager (Male) |
| 26:52 | Create | Villager (Male) |
| 26:53 | Create | Villager (Male) |
| 27:03 | Build | Farm |
| 27:27 | Create | Monk |
| 27:29 | Build | Farm |
| 27:44 | Research | Wheelbarrow |
| 27:51 | Build | Farm |
| 27:53 | Create | Villager (Male) |
| 28:00 | Research | Gold Mining |
| 28:00 | Create | Villager (Male) |
| 28:04 | Build | Farm |
| 28:04 | Build | Farm |
| 28:04 | Build | Farm |
| 28:04 | Build | Farm |
| 28:25 | Create | Monk |
| 28:25 | Create | Monk |
| 28:25 | Create | Villager (Male) |
| 28:26 | Create | Villager (Male) |
| 28:31 | Create | Villager (Male) |
| 28:33 | Build | Farm |
| 28:34 | Build | Farm |
Build order — Rex Caedis
First 150 of 189 actions detected
| 0:00 | Create | Villager (Male) |
| 0:00 | Create | Villager (Male) |
| 0:01 | Build | House |
| 0:02 | Build | House |
| 0:04 | Create | Villager (Male) |
| 0:06 | Create | Villager (Male) |
| 1:23 | Create | Villager (Male) |
| 1:53 | Create | Villager (Male) |
| 2:16 | Build | Lumber Camp |
| 2:16 | Create | Villager (Male) |
| 2:45 | Create | Villager (Male) |
| 2:45 | Create | Villager (Male) |
| 2:53 | Create | Villager (Male) |
| 3:30 | Create | Villager (Male) |
| 3:51 | Build | House |
| 4:00 | Create | Villager (Male) |
| 4:32 | Create | Villager (Male) |
| 4:35 | Build | Mill |
| 4:48 | Create | Villager (Male) |
| 4:48 | Create | Villager (Male) |
| 5:37 | Build | House |
| 5:43 | Create | Villager (Male) |
| 6:03 | Create | Villager (Male) |
| 6:26 | Build | Palisade Gate |
| 6:34 | Build | Palisade Wall |
| 6:36 | Create | Villager (Male) |
| 6:39 | Build | Palisade Wall |
| 6:42 | Build | Palisade Wall |
| 6:43 | Build | Palisade Wall |
| 6:49 | Build | Palisade Wall |
| 6:51 | Build | Palisade Wall |
| 6:52 | Build | Palisade Wall |
| 6:55 | Build | Palisade Wall |
| 6:57 | Create | Villager (Male) |
| 7:21 | Create | Villager (Male) |
| 7:23 | Build | Farm |
| 7:26 | Build | Farm |
| 7:33 | Create | Villager (Male) |
| 7:58 | Build | Palisade Wall |
| 8:01 | Build | Palisade Wall |
| 8:01 | Build | Palisade Wall |
| 8:02 | Build | Palisade Wall |
| 8:06 | Create | Villager (Male) |
| 8:19 | Build | Palisade Gate |
| 8:22 | Create | Villager (Male) |
| 8:36 | Research | Feudal Age |
| 8:36 | Research | Feudal Age |
| 9:58 | Build | House |
| 10:26 | Create | Villager (Male) |
| 10:26 | Research | Loom |
| 10:56 | Age | Feudal Age |
| 10:58 | Build | Market |
| 11:01 | Build | Blacksmith |
| 11:46 | Research | Castle Age |
| 11:49 | Build | Mining Camp |
| 12:16 | Research | Double-Bit Axe |
| 13:31 | Create | Villager (Male) |
| 14:26 | Age | Castle Age |
| 14:27 | Build | Castle |
| 14:41 | Build | Mining Camp |
| 14:50 | Create | Villager (Male) |
| 15:00 | Create | Villager (Male) |
| 15:32 | Create | Villager (Male) |
| 15:46 | Build | Mining Camp |
| 16:01 | Create | War Wagon |
| 16:06 | Create | Villager (Male) |
| 16:23 | Create | Villager (Male) |
| 16:47 | Research | Fletching |
| 16:51 | Create | Villager (Male) |
| 16:56 | Create | Villager (Male) |
| 17:11 | Create | Villager (Male) |
| 17:16 | Build | Watch Tower |
| 17:25 | Create | War Wagon |
| 17:41 | Create | Villager (Male) |
| 17:57 | Create | War Wagon |
| 18:13 | Build | Watch Tower |
| 18:28 | Build | Mill |
| 18:58 | Create | War Wagon |
| 19:20 | Create | War Wagon |
| 19:43 | Build | Watch Tower |
| 19:59 | Create | Villager (Male) |
| 20:00 | Create | War Wagon |
| 20:30 | Create | Villager (Male) |
| 20:50 | Research | Bodkin Arrow |
| 20:59 | Create | Villager (Male) |
| 21:08 | Create | War Wagon |
| 21:16 | Build | Farm |
| 21:17 | Build | Farm |
| 21:18 | Build | Farm |
| 21:33 | Create | Villager (Male) |
| 21:42 | Create | War Wagon |
| 21:58 | Create | Villager (Male) |
| 22:17 | Build | Mining Camp |
| 23:16 | Research | Imperial Age |
| 23:19 | Create | War Wagon |
| 23:39 | Create | Villager (Male) |
| 23:48 | Create | War Wagon |
| 24:15 | Research | Bow Saw |
| 24:26 | Build | Watch Tower |
| 24:42 | Build | Monastery |
| 24:52 | Build | House |
| 25:07 | Research | Devotion |
| 25:12 | Create | War Wagon |
| 25:30 | Research | Gold Mining |
| 25:50 | Create | War Wagon |
| 26:05 | Build | Watch Tower |
| 26:19 | Create | Villager (Male) |
| 26:26 | Build | Watch Tower |
| 26:26 | Age | Imperial Age |
| 26:31 | Create | Trebuchet (Packed) |
| 26:42 | Create | Villager (Male) |
| 27:17 | Create | War Wagon |
| 27:20 | Create | Trebuchet (Packed) |
| 27:22 | Create | Villager (Male) |
| 27:29 | Research | Bracer |
| 27:30 | Research | Bracer |
| 27:41 | Build | Mining Camp |
| 27:42 | Create | Villager (Male) |
| 27:56 | Create | War Wagon |
| 28:22 | Build | Watch Tower |
| 28:33 | Build | University |
| 28:38 | Create | Trebuchet (Packed) |
| 28:52 | Create | War Wagon |
| 28:52 | Create | Villager (Male) |
| 29:51 | Research | Ballistics |
| 29:52 | Create | Villager (Male) |
| 30:02 | Create | War Wagon |
| 30:06 | Create | Monk |
| 30:19 | Build | Watch Tower |
| 30:22 | Create | Villager (Male) |
| 30:44 | Create | War Wagon |
| 30:47 | Create | War Wagon |
| 30:55 | Create | War Wagon |
| 31:12 | Create | War Wagon |
| 31:21 | Create | War Wagon |
| 31:29 | Create | War Wagon |
| 31:33 | Create | War Wagon |
| 31:48 | Build | Farm |
| 31:48 | Build | Farm |
| 32:15 | Create | War Wagon |
| 32:50 | Create | War Wagon |
| 33:16 | Build | House |
| 33:31 | Build | Gate |
| 33:34 | Build | Gate |
| 33:36 | Build | Stone Wall |
| 34:22 | Build | Farm |
| 35:18 | Build | Town Center |
| 35:56 | Build | Market |
| 36:42 | Build | Stone Wall |
| 36:47 | Build | Farm |
Build order — Oni.TheViper
First 150 of 313 actions detected
| 0:00 | Create | Villager (Male) |
| 0:00 | Create | Villager (Male) |
| 0:02 | Build | House |
| 0:03 | Build | House |
| 0:09 | Create | Villager (Male) |
| 0:09 | Create | Villager (Male) |
| 1:25 | Create | Villager (Male) |
| 1:51 | Create | Villager (Male) |
| 2:09 | Create | Villager (Male) |
| 2:30 | Create | Villager (Male) |
| 2:34 | Build | Lumber Camp |
| 3:05 | Create | Villager (Male) |
| 3:07 | Create | Villager (Male) |
| 3:17 | Create | Villager (Male) |
| 3:24 | Create | Villager (Male) |
| 3:38 | Create | Villager (Male) |
| 3:39 | Build | House |
| 4:56 | Build | Mill |
| 4:59 | Create | Villager (Male) |
| 5:16 | Create | Villager (Male) |
| 5:27 | Create | Villager (Male) |
| 5:50 | Create | Villager (Male) |
| 5:52 | Build | House |
| 6:27 | Build | Mill |
| 6:28 | Create | Villager (Male) |
| 6:53 | Create | Villager (Male) |
| 7:35 | Create | Villager (Male) |
| 7:48 | Build | Farm |
| 7:49 | Build | Farm |
| 7:54 | Create | Villager (Male) |
| 7:57 | Create | Villager (Male) |
| 8:05 | Create | Villager (Male) |
| 8:28 | Build | Farm |
| 8:33 | Research | Feudal Age |
| 8:36 | Build | Mining Camp |
| 9:21 | Build | House |
| 9:52 | Create | Villager (Male) |
| 9:52 | Create | Villager (Male) |
| 10:55 | Age | Feudal Age |
| 10:56 | Build | Market |
| 10:57 | Build | Blacksmith |
| 11:45 | Research | Castle Age |
| 11:56 | Research | Horse Collar |
| 11:57 | Build | Farm |
| 11:58 | Build | Farm |
| 12:00 | Build | Farm |
| 12:02 | Build | Farm |
| 12:33 | Research | Double-Bit Axe |
| 14:25 | Age | Castle Age |
| 14:29 | Build | Town Center |
| 14:30 | Create | Villager (Male) |
| 14:33 | Build | Town Center |
| 14:35 | Research | Bow Saw |
| 14:36 | Research | Heavy Plow |
| 14:55 | Create | Villager (Male) |
| 15:19 | Create | Villager (Male) |
| 15:29 | Build | Monastery |
| 15:29 | Create | Villager (Male) |
| 15:40 | Build | House |
| 15:41 | Build | House |
| 15:48 | Create | Villager (Male) |
| 15:49 | Create | Villager (Male) |
| 15:50 | Create | Villager (Male) |
| 16:08 | Create | Villager (Male) |
| 16:08 | Create | Villager (Male) |
| 16:20 | Create | Villager (Male) |
| 16:23 | Create | Villager (Male) |
| 16:36 | Build | Farm |
| 16:39 | Create | Monk |
| 16:40 | Create | Villager (Male) |
| 16:40 | Create | Villager (Male) |
| 16:46 | Build | Lumber Camp |
| 16:51 | Build | Farm |
| 16:56 | Build | House |
| 17:03 | Build | Farm |
| 17:07 | Create | Villager (Male) |
| 17:07 | Create | Villager (Male) |
| 17:16 | Research | Loom |
| 17:23 | Build | Farm |
| 17:33 | Create | Villager (Male) |
| 17:35 | Build | Farm |
| 17:42 | Create | Villager (Male) |
| 18:00 | Create | Villager (Male) |
| 18:06 | Build | Farm |
| 18:07 | Build | Farm |
| 18:07 | Build | Farm |
| 18:10 | Build | Farm |
| 18:12 | Create | Monk |
| 18:17 | Create | Villager (Male) |
| 18:21 | Build | Farm |
| 18:33 | Build | Mining Camp |
| 18:33 | Create | Villager (Male) |
| 18:37 | Create | Villager (Male) |
| 18:44 | Create | Monk |
| 18:53 | Build | House |
| 18:53 | Build | House |
| 18:53 | Build | House |
| 18:56 | Create | Villager (Male) |
| 19:08 | Create | Villager (Male) |
| 19:09 | Create | Villager (Male) |
| 19:42 | Create | Monk |
| 19:43 | Create | Villager (Male) |
| 19:45 | Create | Villager (Male) |
| 19:45 | Create | Villager (Male) |
| 19:47 | Build | Farm |
| 19:47 | Build | Farm |
| 19:48 | Build | Farm |
| 20:03 | Create | Villager (Male) |
| 20:15 | Create | Villager (Male) |
| 20:22 | Create | Villager (Male) |
| 20:37 | Create | Villager (Male) |
| 20:39 | Build | House |
| 20:48 | Create | Villager (Male) |
| 20:55 | Build | Farm |
| 20:56 | Build | Farm |
| 20:57 | Build | Farm |
| 20:57 | Create | Villager (Male) |
| 21:10 | Create | Villager (Male) |
| 21:16 | Create | Villager (Male) |
| 21:25 | Create | Villager (Male) |
| 21:32 | Build | Castle |
| 21:45 | Build | House |
| 21:46 | Build | House |
| 21:59 | Build | Farm |
| 21:59 | Build | Farm |
| 22:01 | Research | Wheelbarrow |
| 22:06 | Build | University |
| 22:23 | Create | Monk |
| 22:31 | Build | Farm |
| 22:32 | Build | Farm |
| 22:32 | Build | Farm |
| 22:33 | Build | Farm |
| 22:46 | Build | House |
| 22:46 | Build | House |
| 23:13 | Create | Mangudai |
| 23:13 | Create | Mangudai |
| 23:31 | Build | House |
| 23:31 | Build | House |
| 23:33 | Research | Ballistics |
| 23:35 | Build | House |
| 23:36 | Build | House |
| 23:42 | Create | Mangudai |
| 24:14 | Research | Imperial Age |
| 24:23 | Create | Villager (Male) |
| 24:26 | Create | Mangudai |
| 24:32 | Create | Villager (Male) |
| 24:33 | Create | Mangudai |
| 24:47 | Research | Fletching |
| 24:51 | Create | Villager (Male) |
| 24:52 | Create | Mangudai |
Build order — Angus McFife
First 150 of 365 actions detected
| 0:00 | Create | Villager (Male) |
| 0:00 | Create | Villager (Male) |
| 0:01 | Create | Villager (Male) |
| 0:01 | Build | House |
| 0:02 | Build | House |
| 0:09 | Create | Villager (Male) |
| 1:25 | Create | Villager (Male) |
| 1:52 | Create | Villager (Male) |
| 2:09 | Build | Lumber Camp |
| 2:11 | Create | Villager (Male) |
| 2:11 | Create | Villager (Male) |
| 2:43 | Create | Villager (Male) |
| 2:50 | Create | Villager (Male) |
| 3:21 | Create | Villager (Male) |
| 3:29 | Build | House |
| 3:39 | Create | Villager (Male) |
| 3:57 | Build | House |
| 4:13 | Create | Villager (Male) |
| 4:13 | Create | Villager (Male) |
| 4:41 | Build | Mill |
| 4:56 | Create | Villager (Male) |
| 4:56 | Create | Villager (Male) |
| 4:56 | Create | Villager (Male) |
| 4:56 | Create | Villager (Male) |
| 5:32 | Create | Villager (Male) |
| 5:49 | Build | Mining Camp |
| 5:51 | Create | Villager (Male) |
| 6:03 | Create | Villager (Male) |
| 7:17 | Create | Villager (Male) |
| 7:19 | Create | Villager (Male) |
| 8:00 | Build | Mining Camp |
| 8:11 | Research | Feudal Age |
| 8:23 | Create | Villager (Male) |
| 8:23 | Create | Villager (Male) |
| 8:38 | Create | Villager (Male) |
| 9:21 | Build | Mill |
| 9:30 | Build | House |
| 10:30 | Age | Feudal Age |
| 10:33 | Build | Market |
| 11:12 | Create | Villager (Male) |
| 11:25 | Build | Blacksmith |
| 11:54 | Research | Castle Age |
| 13:21 | Build | Lumber Camp |
| 14:19 | Research | Loom |
| 14:34 | Age | Castle Age |
| 14:40 | Build | Castle |
| 14:51 | Create | Villager (Male) |
| 14:58 | Build | Farm |
| 14:58 | Build | Farm |
| 14:58 | Build | Farm |
| 14:59 | Build | Farm |
| 14:59 | Build | Farm |
| 14:59 | Build | Farm |
| 15:13 | Create | Villager (Male) |
| 15:13 | Create | Villager (Male) |
| 15:16 | Research | Double-Bit Axe |
| 15:55 | Build | Farm |
| 15:58 | Build | Farm |
| 16:06 | Create | Villager (Male) |
| 16:25 | Build | Mill |
| 16:40 | Create | Villager (Male) |
| 16:42 | Build | Farm |
| 16:59 | Create | Organ Gun |
| 17:07 | Create | Villager (Male) |
| 17:22 | Create | Villager (Male) |
| 17:22 | Create | Villager (Male) |
| 17:26 | Create | Villager (Male) |
| 17:31 | Build | Monastery |
| 17:43 | Create | Villager (Male) |
| 17:55 | Create | Villager (Male) |
| 17:59 | Build | House |
| 18:13 | Create | Villager (Male) |
| 18:16 | Create | Monk |
| 18:21 | Create | Villager (Male) |
| 18:35 | Build | Town Center |
| 18:41 | Create | Villager (Male) |
| 19:05 | Create | Villager (Male) |
| 19:16 | Build | Farm |
| 19:17 | Build | Farm |
| 19:29 | Create | Villager (Male) |
| 19:45 | Create | Villager (Male) |
| 19:51 | Create | Villager (Male) |
| 19:58 | Create | Villager (Male) |
| 20:06 | Create | Monk |
| 20:12 | Create | Villager (Male) |
| 20:15 | Create | Organ Gun |
| 20:18 | Create | Villager (Male) |
| 20:28 | Create | Villager (Male) |
| 20:36 | Create | Villager (Male) |
| 20:40 | Create | Villager (Male) |
| 20:48 | Build | Town Center |
| 20:54 | Create | Villager (Male) |
| 21:12 | Create | Villager (Male) |
| 21:18 | Create | Villager (Male) |
| 21:19 | Create | Organ Gun |
| 21:21 | Create | Villager (Male) |
| 21:25 | Build | Lumber Camp |
| 21:27 | Create | Villager (Male) |
| 21:33 | Create | Villager (Male) |
| 22:20 | Build | Farm |
| 22:21 | Build | Farm |
| 22:23 | Build | Farm |
| 22:45 | Build | Lumber Camp |
| 23:13 | Create | Villager (Male) |
| 23:13 | Create | Villager (Male) |
| 23:18 | Build | Farm |
| 23:21 | Build | Farm |
| 23:22 | Build | Farm |
| 23:23 | Create | Villager (Male) |
| 23:23 | Create | Villager (Male) |
| 23:25 | Build | Farm |
| 23:28 | Build | Farm |
| 23:29 | Build | Farm |
| 23:33 | Build | Farm |
| 23:34 | Build | Farm |
| 23:36 | Create | Villager (Male) |
| 23:53 | Build | Lumber Camp |
| 23:57 | Create | Monk |
| 23:58 | Create | Villager (Male) |
| 23:59 | Create | Villager (Male) |
| 24:13 | Create | Villager (Male) |
| 24:13 | Create | Villager (Male) |
| 24:19 | Create | Villager (Male) |
| 24:23 | Build | Farm |
| 24:34 | Research | Horse Collar |
| 24:37 | Create | Villager (Male) |
| 24:37 | Create | Villager (Male) |
| 24:40 | Create | Monk |
| 24:50 | Build | House |
| 24:51 | Build | House |
| 24:55 | Research | Wheelbarrow |
| 25:01 | Build | House |
| 25:02 | Build | House |
| 25:21 | Create | Villager (Male) |
| 25:36 | Research | Bow Saw |
| 25:37 | Create | Villager (Male) |
| 25:38 | Build | Farm |
| 25:39 | Build | Farm |
| 25:40 | Build | Farm |
| 25:41 | Build | Farm |
| 26:00 | Create | Villager (Male) |
| 26:00 | Create | Villager (Male) |
| 26:05 | Build | Lumber Camp |
| 26:11 | Build | Farm |
| 26:25 | Create | Villager (Male) |
| 26:25 | Create | Villager (Male) |
| 26:25 | Create | Villager (Male) |
| 26:25 | Create | Villager (Male) |
| 26:26 | Create | Villager (Male) |
| 26:27 | Create | Villager (Male) |
Match timeline
| 6:34 | Rex Caedis · wall_segment Palisade Wall x1 |
| 6:39 | Rex Caedis · wall_segment Palisade Wall x1 |
| 6:42 | Rex Caedis · wall_segment Palisade Wall x1 |
| 6:43 | Rex Caedis · wall_segment Palisade Wall x1 |
| 6:49 | Rex Caedis · wall_segment Palisade Wall x1 |
| 6:51 | Rex Caedis · wall_segment Palisade Wall x1 |
| 6:52 | Rex Caedis · wall_segment Palisade Wall x1 |
| 6:55 | Rex Caedis · wall_segment Palisade Wall x1 |
| 7:58 | Rex Caedis · wall_segment Palisade Wall x1 |
| 8:01 | Rex Caedis · wall_segment Palisade Wall x1 |
| 8:01 | Rex Caedis · wall_segment Palisade Wall x1 |
| 8:02 | Rex Caedis · wall_segment Palisade Wall x1 |
| 10:30 | Angus McFife · age_up feudal |
| 10:55 | Oni.TheViper · age_up feudal |
| 10:56 | Rex Caedis · age_up feudal |
| 11:20 | TM Caesar · age_up feudal |
| 12:19 | TM Caesar · wall_segment Palisade Wall x1 |
| 12:20 | TM Caesar · wall_segment Palisade Wall x1 |
| 14:25 | Oni.TheViper · age_up castle |
| 14:26 | Rex Caedis · age_up castle |
| 14:27 | Rex Caedis · first_building Castle |
| 14:34 | Angus McFife · age_up castle |
| 14:40 | Angus McFife · first_building Castle |
| 14:52 | TM Caesar · age_up castle |
| 15:21 | TM Caesar · first_market_buy 100 stone |
| 15:28 | TM Caesar · first_building Castle |
| 15:29 | Oni.TheViper · first_building Monastery |
| 15:58 | Rex Caedis · first_market_sell 100 stone |
| 15:59 | Rex Caedis · first_market_buy 100 wood |
| 16:58 | Angus McFife · first_market_buy 100 wood |
| 17:31 | Angus McFife · first_building Monastery |
| 17:46 | TM Caesar · first_market_sell 100 wood |
| 19:25 | Angus McFife · first_market_sell 100 food |
| 20:47 | Oni.TheViper · first_market_buy 100 stone |
| 21:32 | Oni.TheViper · first_building Castle |
| 21:59 | Angus McFife · tribute_sent a jugador 1 |
| 21:59 | Angus McFife · tribute_sent a jugador 2 |
| 21:59 | Angus McFife · tribute_sent a jugador 3 |
| 22:26 | TM Caesar · age_up imperial |
| 22:29 | Angus McFife · tribute_sent a jugador 1 |
| 22:29 | Angus McFife · tribute_sent a jugador 2 |
| 22:29 | Angus McFife · tribute_sent a jugador 3 |
| 22:55 | Angus McFife · tribute_sent a jugador 1 |
| 22:55 | Angus McFife · tribute_sent a jugador 2 |
| 22:55 | Angus McFife · tribute_sent a jugador 3 |
| 24:25 | TM Caesar · first_building Monastery |
| 24:42 | Rex Caedis · first_building Monastery |
| 25:15 | Oni.TheViper · first_building Barracks |
| 26:10 | Oni.TheViper · first_building Stable |
| 26:15 | Angus McFife · tribute_sent a jugador 1 |
| 26:15 | Angus McFife · tribute_sent a jugador 2 |
| 26:15 | Angus McFife · tribute_sent a jugador 3 |
| 26:26 | Rex Caedis · age_up imperial |
| 27:24 | Oni.TheViper · age_up imperial |
| 27:43 | Oni.TheViper · first_building Siege Workshop |
| 28:17 | Oni.TheViper · first_building Archery Range |
| 28:25 | Angus McFife · first_building Siege Workshop |
| 29:09 | Oni.TheViper · wall_segment Stone Wall x1 |
| 30:27 | Oni.TheViper · first_market_sell 100 wood |
| 30:45 | Angus McFife · tribute_sent a jugador 1 |
| 30:45 | Angus McFife · tribute_sent a jugador 2 |
| 30:45 | Angus McFife · tribute_sent a jugador 3 |
| 32:30 | Angus McFife · age_up imperial |
| 33:36 | Rex Caedis · wall_segment Stone Wall x1 |
| 35:26 | TM Caesar · first_building Barracks |
| 36:29 | TM Caesar · first_building Stable |
| 36:42 | Rex Caedis · wall_segment Stone Wall x7 |
| 39:50 | Angus McFife · resign |
[ AI ANALYSIS · 1 CREDIT ]
What really happened in this match?
Wolo.gg analyzes every decision: build order, eco, micro, common mistakes by bracket. Personalized analysis on WhatsApp or Discord in 30 seconds.
Civ guide
Byzantines
Perfil
Jugador #1752862